 Dungeon Crawl Stone Soup version 0.26.1-11-gd32895ea62 (webtiles) character file.

Game seed: 17947030991953922294

23 Zeld the Digger (level 3, 20/20 HPs)
             Began as a Gargoyle Earth Elementalist on June 6, 2021.
             Quit the game on level 1 of the Dungeon.
             The game lasted 00:04:52 (1713 turns).

Zeld the Digger (Gargoyle Earth Elementalist)       Turns: 1713, Time: 00:04:52

Health: 20/20      AC:  5    Str: 11    XL:     3   Next: 0%
Magic:  4/6        EV: 12    Int: 16    God:
Gold:   63         SH:  0    Dex: 10    Spells: 0/6 levels left

rFire    . . .     SeeInvis .   (no weapon)
rCold    . . .     Faith    .   (no shield)
rNeg     + . .     Spirit   .   c - +0 robe
rPois    ∞         Reflect  .   (no helmet)
rElec    +         Harm     .   (no cloak)
rCorr    .         Rampage  .   (no gloves)
Will     .....                  (no boots)
Stlth    ++........             (no amulet)
HPRegen  0.06/turn              (no ring)
MPRegen  0.10/turn              (no ring)

@: no status effects
A: negative energy resistance 1, electricity resistance, unbreathing,
petrification resistance, miasma immunity, AC +3
a: no special abilities


You were on level 1 of the Dungeon.
You visited 1 branch of the dungeon, and saw 1 of its levels.

You collected 63 gold pieces.

Inventory:

Missiles
 b - 29 stones (quivered)
Armour
 c - a +0 robe (worn)
Jewellery
 a - a +6 ring of strength {unknown}
Scrolls
 e - 2 scrolls of remove curse {unknown}
 f - a scroll of identify {unknown}
 g - a scroll of fog {unknown}
Potions
 d - a potion of heal wounds {unknown}


   Skills:
 + Level 0.5 Fighting
 + Level 1.7 Dodging
 - Level 2.5 Stealth
 + Level 2.2 Spellcasting
 - Level 0.7 Transmutations
 * Level 4.2 Earth Magic


You couldn't memorise any spells.
You knew the following spells:

 Your Spells              Type           Power        Failure   Level
a - Sandblast             Erth           30%          3%          1
b - Passwall              Tmut/Erth      7%           11%         2
c - Stone Arrow           Conj/Erth      16%          26%         3

Your spell library contained the following spells:

 Spells                   Type           Power        Failure   Level
 Petrify                  Tmut/Erth      9%           58%         4
 Lee's Rapid Deconstruct  Erth           7%           69%         5


Dungeon Overview and Level Annotations

Branches:
Dungeon (1/15)

Altars:


Innate Abilities, Weirdness & Mutations

You are resistant to torment.
Your stone body is resilient. (AC +3)
You are immune to poison.
You resist negative energy. (rN+)
You are resistant to electric shocks. (rElec)
You can survive without breathing.
You are immune to petrification.
You are immune to miasma.


Message History

Please select a wall.
Okay, then.
Casting: Passwall (safe; 12% risk of failure)
Confirm with . or Enter, or press ? or * to list all spells.
Aiming: Sandblast (safe; 3% risk of failure)
Press: ? - help, Shift-Dir - straight line, f/p - giant cockroach
Aim: a giant cockroach (21% to evade)
The blast of sand hits the giant cockroach!
You kill the giant cockroach!
b - 29 stones You have reached level 3!
Your experience leads to an increase in your attributes!
Increase (S)trength, (I)ntelligence, or (D)exterity?
You feel clever.
This spell is extremely dangerous to cast!
Memorise Stone Arrow, consuming 3 spell levels and leaving 0?
You start memorising the spell.
You continue memorising. x3
You finish memorising.
Spell assigned to 'c'.
Unknown command.
Are you sure you want to abandon this character and quit the game? (Confirm with "yes".)

#.#
#...........##
#.#
#)####........
#.# #.#
######### #†#
#.# #.# #.#
#.# #.# # #.#
#.###.#.#
.......@#
#...........#
#####.#######
#. #. . #


There were no monsters in sight!

Vanquished Creatures
  A dart slug (D:1)
  2 giant cockroaches (D:1)
  3 goblins (D:1)
  4 hobgoblins (D:1)
  A bat (D:1)
  4 frilled lizards (D:1)
  4 kobolds (D:1)
  2 rats (D:1)
21 creatures vanquished.

Notes
Turn   | Place    | Note
-------+----------+-------------------------------------------
     0 | D:1      | Zeld the Gargoyle Earth Elementalist began the quest for
                  | the Orb.
     0 | D:1      | Reached XP level 1. HP: 10/10 MP: 3/3
   571 | D:1      | Reached skill level 4 in Earth Magic
   571 | D:1      | Reached XP level 2. HP: 15/15 MP: 0/5
   591 | D:1      | Learned a level 2 spell: Passwall
  1706 | D:1      | Reached XP level 3. HP: 20/20 MP: 3/6
  1710 | D:1      | Learned a level 3 spell: Stone Arrow
  1713 | D:1      | Quit the game

Illustrated notes

Levels and vault maps discovered:
D:1:      minmay_arrival_five_plusses, layout_loops_ring

Skill      XL: |  1 |
---------------+----+-----
Earth Magic    | 4 |  4.2
Fighting       | |  0.5
Dodging        | |  1.7
Stealth        | |  2.5
Spellcasting   | |  2.2
Transmutations | |  0.7

Action                   || total
-------------------------++-------
Melee: Unarmed           ||     8
 Cast: Sandblast         ||    31
Armor: Robe              ||     6
Dodge: Dodged            ||    12
